Map: 2000 Atmospheres LE

Players

A.I. 1 (Very Easy)

  • Race: Terran Terran
  • Spawn Location: 7:00

Galeforce - Winner!

  • Race: Protoss Protoss
  • League: Master
  • Spawn Location: 3:00

VOD

Have the link to the VOD?

Description

Gateway Man + Storm

General idea:
Open Oracle, adept x 3, sync adept shades with oracle beam in the opponent’s natural. Focus units over workers, do NOT sack the oracle. Terran players are smooth brained and only want to shoot the disco ball, so pull it back and let the adepts work.
Follow up: Start twilight when gas allows, chronoboost charge.3rd base no later than 3:45. Use oracle to scout moveout, build up to 10 gateways. When moveout shows up, a-move zealots and hold your 3rd. As gas allows, build a Forge & Templar Archives - start storm.
If you identify a heavier bio push, be sure to include a sentry after you start charge so you’ll have guardian shield by the time the push arrives.
Pushing composition:
You’ll push out with 3 bases fully saturated on minerals, 4 gasses, with +1 attack, charge, blink, 10+ gateways, storm. Army is almost pure zealot/stalker with HTs in the prism for storm drops on the bio.
Don’t overthink this. You’re hitting them in the head with a stick, not performing an assasination. Proxy a pylon and gateway if you want to to enable zealot runbys and collapsable attacks.
If mech, take a 4th and keep warping in zealots to deny the 3rd. If mass hellbat/cyclone, switch to heavier blink stalkers with disruptors with zealot warpins in the main/4th base. You should be outmining at this point, so trades are going to favor you. Double forge, chrono upgrades, double robo, etc etc.
Notes:
It should be very easy to spend your money this way. If you find yourself in a situation where you could not kill them on 3 bases, add double robo and produce colossus/archon/disruptor as you take your 4th base.

Time

  • Played on: May 6, 2022, 3:43 p.m.
  • Length: 8:16
Show
View Real Time Build Order
Export as new Build Order

A.I. 1 (Very Easy) Terran 

Build Orders:  

Get SALT Encoding   

  12  0:00  SCV  
  13  0:13  SCV  
  14  0:18  Supply Depot  
  14  0:37  Refinery  
  14  0:43  Barracks  
  14  1:04  Supply Depot  
  14  1:12  Refinery  
  14  1:29  Barracks Tech Lab  
  14  1:30  Orbital Command  
  14  1:47  Marauder  
  16  1:55  SCV  
  17  2:07  SCV  
  18  2:19  SCV  
  19  2:30  Marine  
  19  2:31  SCV  
  21  2:43  SCV  
  22  2:55  SCV  
  23  3:12  Marine  
  24  6:30  SCV, Marine  
  25  6:33  Supply Depot  
  25  6:35  Factory  
  25  6:39  Command Center  
  25  6:54  SCV  
  25  6:57  Supply Depot  
  26  7:03  Marine  
  26  7:07  SCV  
  26  7:20  Starport  
  24  7:36  Marine  
  24  7:56  SCV  
  24  7:58  Starport Tech Lab  
Show
View Real Time Build Order
Export as new Build Order

Galeforce Protoss - Winner!

Build Orders: 1 Gate Expand, Oracle Opening 

Get SALT Encoding   

  12  0:00  Probe  
  13  0:12  Probe  
  14  0:18  Pylon  
  14  0:25  Probe (Chrono Boost)  
  15  0:37  Gateway  
  15  0:38  Probe (Chrono Boost)  
  16  0:43  Probe (Chrono Boost)  
  16  0:46  Assimilator  
  17  0:52  Probe  
  18  1:05  Probe  
  19  1:17  Probe  
  20  1:24  Cybernetics Core  
  20  1:34  Nexus  
  20  1:40  Pylon  
  20  1:43  Probe  
  21  1:49  Assimilator  
  21  1:55  Probe  
  21  1:58  Adept (Chrono Boost)  
  24  2:07  Probe  
  25  2:20  Probe  
  26  2:23  Stargate  
  26  2:25  Adept  
  28  2:32  Probe  
  28  2:34  Warp Gate  
  30  2:44  Probe (Chrono Boost)  
  30  2:47  Probe (Chrono Boost)  
  31  2:55  Probe (Chrono Boost), Adept  
  31  2:56  Probe (Chrono Boost)  
  35  3:00  Probe (Chrono Boost)  
  35  3:01  Probe (Chrono Boost)  
  35  3:05  Oracle (Chrono Boost)  
  37  3:10  Probe  
  41  3:13  Probe  
  42  3:21  Pylon  
  42  3:22  Probe  
  42  3:25  Probe  
  44  3:34  Probe  
  44  3:37  Probe  
  46  3:44  Nexus  
  46  3:46  Probe  
  47  3:49  Pylon  
  47  3:53  Twilight Council  
  47  3:55  Probe  
  48  3:58  Probe  
  49  4:07  Probe  
  50  4:11  Probe, Assimilator  
  50  4:14  Pylon  
  50  4:17  Gateway  
  51  4:19  Probe  
  51  4:23  Probe, Gateway  
  51  4:24  Charge (Chrono Boost)  
  53  4:25  Gateway  
  53  4:31  Probe  
  53  4:35  Probe  
  53  4:36  Gateway  
  55  4:44  Probe  
  56  4:47  Probe  
  56  4:49  Gateway  
  56  4:52  Gateway  
  57  4:55  Probe  
  57  4:56  Probe  
  57  4:58  Sentry  
  61  5:05  Forge  
  61  5:07  Gateway  
  61  5:12  Probe (Chrono Boost)  
  61  5:13  Probe x2 (Chrono Boost)  
  64  5:14  Gateway  
  64  5:21  Zealot  
  64  5:22  Zealot  
  64  5:23  Zealot  
  64  5:24  Probe (Chrono Boost)  
  64  5:25  Probe x2 (Chrono Boost)  
  64  5:27  Zealot  
  75  5:30  Probe (Chrono Boost)  
  75  5:31  Probe x2 (Chrono Boost), Protoss Ground Weapons Level 1 (Chrono Boost)  
  75  5:32  Pylon  
  78  5:39  Probe, Gateway  
  78  5:42  Probe  
  80  5:48  Zealot x2  
  84  5:51  Pylon  
  84  5:56  Templar Archives  
  84  5:57  Pylon  
  84  6:03  Zealot x3  
  90  6:06  Zealot  
  90  6:09  Zealot  
  90  6:10  Pylon  
  90  6:11  Blink (Chrono Boost), Zealot  
  96  6:18  Stalker  
  98  6:19  Zealot  
  98  6:20  Psionic Storm  
  98  6:21  Sentry  
  102  6:29  Zealot x4  
  110  6:33  Pylon  
  110  6:38  Gateway  
  110  6:44  Gateway  
  110  6:48  High Templar  
  110  6:49  High Templar  
  110  6:51  High Templar  
  116  6:57  Zealot  
  116  6:58  Zealot x3  
  124  7:03  Robotics Facility  
  124  7:08  Pylon  
  124  7:09  Pylon  
  124  7:19  Pylon  
  124  7:20  Pylon  
  124  7:23  Pylon  
  124  7:25  Pylon x2  
  124  7:28  Zealot x8  
  140  7:37  Pylon  
  140  7:38  Pylon  
  140  7:41  Pylon  
  140  7:43  Zealot  
  142  7:46  High Templar x2  
  142  7:49  Stalker x2  
  150  7:57  Probe x2  
  154  7:58  Zealot x2  
Tags
 
Add a new tag
Caveats
  • Supply blocks, unpowered buildings, or Contaminate may cause inaccurate times.
  • Supply counts are checked every 10 seconds.